 Dungeon Crawl Stone Soup version 0.29.0-4-gdea44cf6ec (webtiles) character file.

Game seed: 12008370164520121478

81 qw the Chopper (level 4, 0/26 HPs)
             Began as a Tengu Warper on Aug 28, 2022.
             Slain by a black bear (3 damage)
             ... on level 4 of the Dungeon.
             The game lasted 00:00:16 (2834 turns).

qw the Chopper (Tengu Warper)                       Turns: 2834, Time: 00:00:16

Health: 0/26       AC:  7    Str: 12    XL:     4   Next: 42%
Magic:  8/8        EV: 10    Int: 13    God:
Gold:   146        SH:  0    Dex: 17    Spells: 7/7 levels left

rFire   . . .      SeeInvis .   Y - +1 hand axe
rCold   . . .      Faith    .   (no shield)
rNeg    . . .      Spirit   .   n - +0 scale mail
rPois   .          Reflect  .   (helmet restricted)
rElec   .          Harm     .   (no cloak)
rCorr   .          Rampage  .   l - +0 pair of gloves
Will    .....                   (boots unavailable)
Stlth   +.........              (no amulet)
HPRegen 0.08/turn               (no ring)
MPRegen 0.11/turn               (no ring)

@: no status effects
A: beak, talons 3, agile 1, sturdy frame 1
a: no special abilities


You were on level 4 of the Dungeon.
You visited 1 branch of the dungeon, and saw 4 of its levels.

You collected 146 gold pieces.


Innate Abilities, Weirdness & Mutations

You have a beak for a mouth.
You have claws for feet.
You are agile. (Dex +4, Str/Int -1)
Your movements are slightly less encumbered by armour. (ER -2)


   Skills:
 - Level 2.0 Fighting
 + Level 5.0 Axes
 - Level 1.0 Throwing
 - Level 1.1 Armour
 - Level 2.1 Dodging
 - Level 2.0 Spellcasting
 - Level 2.4 Translocations


You had 7 spell levels left.
You didn't know any spells.
Your spell library contained the following spells:

 Spells                   Type           Power      Damage    Failure   Level
 Blink                    Tloc           14%        N/A       38%         2
 Gell's Gravitas          Tloc           7%         N/A       63%         3
 Lesser Beckoning         Tloc           7%         N/A       63%         3
 Teleport Other           Tloc           7%         N/A       63%         3
 Manifold Assault         Tloc           7%         N/A       100%        5

Inventory:

Hand Weapons
 d - a +0 whip
 Y - a +1 hand axe (weapon)
Armour
 l - a +0 pair of gloves (worn)
 n - a +0 scale mail (worn)
Scrolls
 e - a scroll of identify
 j - a scroll of teleportation
Potions
 f - a potion of haste {unknown}
 i - a potion of mutation
 k - a potion of resistance {unknown}
 m - a potion of curing {unknown}

Dungeon Overview and Level Annotations

Branches:
Dungeon (4/15)
 Temple: D:4-7

Altars:


Message History

The black bear claws you but does no damage.
You hit the black bear. You claw the black bear.
The black bear is heavily wounded.
The black bear bites you.
The black bear claws you but does no damage. x2
You hit the black bear.
The black bear is heavily wounded.
The black bear bites you. The black bear completely misses you.
The black bear claws you but does no damage.
You barely miss the black bear.
You claw the black bear, but do no damage.
The black bear is heavily wounded.
The black bear misses you. The black bear barely misses you. x2
You hit the black bear.
You claw the black bear, but do no damage.
The black bear is heavily wounded.
The black bear bites you.
The black bear claws you but does no damage.
The black bear barely misses you.
You closely miss the black bear. Your kick misses the black bear.
You peck the black bear, but do no damage.
The black bear is heavily wounded.
The black bear closely misses you. x2; The black bear barely misses you.
You closely miss the black bear. You claw the black bear.
The black bear is severely wounded.
The black bear bites you.
The black bear claws you but does no damage.
The black bear closely misses you.
You hit the black bear. You peck the black bear.
The black bear is severely wounded.
The black bear bites you but does no damage.
The black bear closely misses you. The black bear misses you.
You hit the black bear. Your kick misses the black bear.
The black bear is severely wounded.
The black bear goes berserk!
You completely miss the black bear. You claw the black bear.
You peck the black bear.
The black bear is almost dead.
The black bear bites you. The black bear claws you. x2
You die...

.##### .....##
##.......
#####........
............
#.####..........
................
#.<@h.....>
##.........
#.........
#.........
#...###### #####


You could see a black bear (berserk).

Vanquished Creatures
  An adder (D:2)
  2 dart slugs
  3 orcs (D:2)
  9 ball pythons
  7 endoplasms
  4 giant cockroaches
  8 goblins
  8 hobgoblins
  3 bats
  3 frilled lizards
  7 kobolds
  4 rats
59 creatures vanquished.

Notes
Turn   | Place    | Note
-------+----------+-------------------------------------------
     0 | D:1      | qw the Tengu Warper began the quest for the Orb.
     0 | D:1      | Reached XP level 1. HP: 12/12 MP: 4/4
     0 | D:1      | 0 ||| qw: Version: 0.1-a-89-g26bdef1
     0 | D:1      | 0 ||| qw: Game counter: 1151
     0 | D:1      | 0 ||| qw: Always use a shield: true
     0 | D:1      | 0 ||| qw: God list: Okawaru
     0 | D:1      | 0 ||| qw: Allow faded altars: false
     0 | D:1      | 0 ||| qw: Do Orc after D:15 true
     0 | D:1      | 0 ||| qw: Do second Lair branch before Depths: true
     0 | D:1      | 0 ||| qw: Lair rune preference: random
     0 | D:1      | 0 ||| qw: Plans: Normal
     0 | D:1      | 0 ||| PLANNING D:1-11
   265 | D:1      | Reached skill level 3 in Axes
   265 | D:1      | Reached XP level 2. HP: 10/17 MP: 6/6
   413 | D:1      | 413 ||| Stepping ~*~*~tactically~*~*~ (stealth).
   435 | D:1      | 435 ||| Stepping ~*~*~tactically~*~*~ (stealth).
   442 | D:1      | 442 ||| Stepping ~*~*~tactically~*~*~ (stealth).
   443 | D:1      | 443 ||| Stepping ~*~*~tactically~*~*~ (stealth).
   522 | D:1      | 522 ||| Stepping ~*~*~tactically~*~*~ (stealth).
   523 | D:1      | 523 ||| Stepping ~*~*~tactically~*~*~ (stealth).
   524 | D:1      | 524 ||| Stepping ~*~*~tactically~*~*~ (stealth).
   566 | D:1      | 566 ||| Stepping ~*~*~tactically~*~*~ (stealth).
   594 | D:1      | Reached XP level 3. HP: 21/21 MP: 7/7
  1041 | D:1      | 1041 ||| UPGRADING to +0 ring mail.
  1051 | D:1      | 1051 ||| DROPPING +0 leather armour.
  1052 | D:1      | 1052 ||| READING scroll labelled CAGEFYIM IRAKK.
  1053 | D:1      | 1053 ||| READING scroll labelled NYEGEA WAMI.
  1054 | D:1      | 1054 ||| READING 2 scrolls labelled GURPHA ROAP.
  1057 | D:1      | 1057 ||| DROPPING scroll of blinking.
  1129 | D:2      | 1129 ||| Stepping ~*~*~tactically~*~*~ (hiding).
  1137 | D:2      | Reached skill level 4 in Axes
  1454 | D:2      | 1454 ||| Stepping ~*~*~tactically~*~*~ (stealth).
  1457 | D:2      | 1457 ||| Stepping ~*~*~tactically~*~*~ (stealth).
  1613 | D:2      | Reached XP level 4. HP: 26/26 MP: 8/8
  2068 | D:2      | 2068 ||| UPGRADING to +0 pair of gloves.
  2073 | D:2      | 2073 ||| DROPPING ring of magical power.
  2074 | D:2      | 2074 ||| READING scroll labelled SABROOFIUP.
  2129 | D:3      | 2129 ||| Stepping ~*~*~tactically~*~*~ (stealth).
  2281 | D:3      | 2281 ||| Stepping ~*~*~tactically~*~*~ (stealth).
  2518 | D:3      | Found a faded altar of an unknown god.
  2561 | D:3      | 2561 ||| Stepping ~*~*~tactically~*~*~ (stealth).
  2565 | D:3      | Reached skill level 5 in Axes
  2777 | D:3      | 2777 ||| UPGRADING to +0 scale mail.
  2787 | D:3      | 2787 ||| DROPPING +0 ring mail.
  2788 | D:3      | 2788 ||| READING 2 scrolls labelled DABLUE QUQIMU.
  2789 | D:3      | 2789 ||| READING scroll labelled UGALA TOUGAWYRPH.
  2790 | D:3      | 2790 ||| DRINKING 2 green potions.
  2790 | D:3      | Gained mutation: You are agile. (Dex +4, Str/Int -1)
                  | [potion of mutation]
  2790 | D:3      | Gained mutation: Your movements are slightly less
                  | encumbered by armour. (ER -2) [potion of mutation]
  2791 | D:3      | 2791 ||| READING 3 scrolls of identify.
  2791 | D:3      | 2791 ||| IDENTIFYING fuming puce potion
  2792 | D:3      | 2792 ||| READING 2 scrolls of identify.
  2792 | D:3      | 2792 ||| IDENTIFYING puce potion
  2793 | D:3      | 2793 ||| DROPPING potion of brilliance.
  2794 | D:3      | 2794 ||| DROPPING potion of magic.
  2795 | D:3      | 2795 ||| DROPPING scroll of vulnerability.
  2816 | D:4      | Noticed a black bear
  2834 | D:4      | HP: 3/26 [black bear (4)]
  2834 | D:4      | Slain by a black bear

Levels and vault maps discovered:
D:1:      doesnt_arrival_eight_statues, layout_loops_ring
D:2:      layout_basic
D:3:      layout_rooms, hellmonk_ecumenical_altar_crossroads,
          grunt_ministairs_1, nicolae_elevator_lobby_plus
D:4:      layout_rooms, grunt_temple_overflow_order_and_chaos_1,
          lightli_temple_of_fire, minmay_misc_feat_rows, uniq_blork_the_orc

Skill      XL: |  1  2  3  4 |
---------------+-------------+-----
Axes           | 3 4 5 |  5.0
Fighting       | |  2.0
Throwing       | |  1.0
Armour         | |  1.1
Dodging        | |  2.1
Spellcasting   | |  2.0
Translocations | |  2.4

Action                   |  1- 3 |  4- 6 || total
-------------------------+-------+-------++-------
Melee: Hand axe          |    76 |    53 ||   129
       Kick              |    13 |    16 ||    29
       Peck              |    11 |     9 ||    20
Throw: Boomerang         |     7 |       ||     7
  Use: Scroll            |     3 |     5 ||     8
       Potion            |       |     1 ||     1
Armor: Leather armour    |     3 |       ||     3
       Ring mail         |     8 |     8 ||    16
       Scale mail        |       |    11 ||    11
Dodge: Dodged            |    24 |    31 ||    55

Table legend:
 A = Non-vault XP
 B = Vault XP
 C = Vault XP percentage of total XP
 D = Non-vault monster count
 E = Vault monster count
 F = Vault count percentage of total count
                 A         B        C        D         E       F
            +---------+---------+-------+---------+---------+-------
      Total |     114 |       3 |   2.6 |      57 |       2 |   3.4
            +---------+---------+-------+---------+---------+-------
        D:1 |      41 |       0 |   0.0 |      23 |       0 |   0.0
        D:2 |      56 |       0 |   0.0 |      24 |       0 |   0.0
        D:3 |      17 |       3 |  15.0 |      10 |       2 |  16.7
            +---------+---------+-------+---------+---------+-------
